 Dungeon Crawl Stone Soup version 0.29-a0-2-g12fcac58f8 (webtiles) character file.

Game seed: 17282983083193577915

31 enile the Bolt Thrower (level 3, -1/26 HPs)
             Began as an Octopode Wanderer on Jan 26, 2022.
             Succumbed to an adder's poison
             ... on level 2 of the Dungeon.
             The game lasted 00:01:28 (1597 turns).

enile the Bolt Thrower (Octopode Wanderer)          Turns: 1597, Time: 00:01:28

Health: -1/26      AC:  1    Str: 14    XL:     3   Next: 22%
Magic:  3/3        EV: 13    Int: 12    God:
Gold:   106        SH:  0    Dex: 12    Spells: 2/2 levels left

rFire   . . .      SeeInvis .   a - +3 hand crossbow
rCold   . . .      Faith    .   (no shield)
rNeg    . . .      Spirit   .   (helmet restricted)
rPois   .          Reflect  .   (no amulet)
rElec   .          Harm     .   (no ring)
rCorr   .          Rampage  .   (no ring)
Will    .....                   (no ring)
Stlth   ++........              (no ring)
HPRegen 0.08/turn               (no ring)
MPRegen 0.08/turn               (no ring)
                                (no ring)
                                (no ring)

@: mighty, lethally poisoned (-1 -> -10), attractive, flying
A: almost no armour, amphibious, 8 rings, camouflage 1, gelatinous body 1,
(nimble swimmer 1), tentacles
a: no special abilities


You were on level 2 of the Dungeon.
You visited 1 branch of the dungeon, and saw 2 of its levels.

You collected 106 gold pieces.

Inventory:

Hand Weapons
 a - a +3 hand crossbow (weapon)
 c - a +0 hand axe
Missiles
 b - 8 bolts (quivered ammo)
Scrolls
 d - a scroll of vulnerability {unknown}
 e - a scroll of identify {unknown}
 f - a scroll of silence {unknown}
 i - a scroll of magic mapping {unknown}
 k - a scroll of holy word {unknown}


   Skills:
 + Level 3.6 Fighting
 - Level 1.0 Axes
 - Level 4.0 Crossbows
 - Level 3.0 Dodging


You had 2 spell levels left.
You didn't know any spells.
Your spell library was empty.

Dungeon Overview and Level Annotations

Branches:
Dungeon (2/15)

Altars:

Shops:
D:1 [


Innate Abilities, Weirdness & Mutations

You cannot wear most types of armour.
You are amphibious.
You can wear up to eight rings at the same time.
Your skin changes colour to match your surroundings (Stealth+).
Your rubbery body absorbs attacks. (AC +1, EV +1)
((You are camouflaged when in or above water. (Stealth+)))
You have tentacles for arms and can constrict up to eight enemies at once.


Message History

You shoot a bolt. The bolt hits the adder.
The adder is almost dead.
You feel very sick. The adder bites you.
* * * LOW HITPOINT WARNING * * *
The adder barely misses you.
You are too injured to fight recklessly!
You are too injured to fight recklessly!
There is a lethal amount of poison in your body!
There is a lethal amount of poison in your body!
You are too injured to fight recklessly!
It was a potion of attraction.
You feel attractive to monsters.
* * * LOW HITPOINT WARNING * * *
You feel sick. The adder bites you but does no damage.
It was a potion of curing.
You feel better. The adder bites you.
* * * LOW HITPOINT WARNING * * *
You are poisoned.
The adder poisons you!
It was a potion of flight.
You feel very buoyant.
You fly up into the air.
* * * LOW HITPOINT WARNING * * *
You feel sick. The adder bites you.
* * * LOW HITPOINT WARNING * * *
You are more poisoned.
The adder poisons you!
It was a potion of might.
You feel very mighty all of a sudden.
* * * LOW HITPOINT WARNING * * *
You feel very sick. The adder closely misses you. x2
You are too injured to fight recklessly!
You are too injured to fight recklessly!
Fire: 9 bolts
Press: ? - help, Q - select action Shift-Dir - straight line, f/p - adder
Aim: an adder (almost dead, 52% to hit)
You shoot a bolt. The bolt hits the adder.
You kill the adder!
You die...

##(# .(( #.(# .# #
... .# #.# #.. .#
#...#(.######.#####
#..(#.........)#
#...@..........#
#...#.##>.......
..(..(...##.#..#..#
##.##..####.#..#..#
# #..........#..#
#.####...........
#. #.†#..#..#.#.#
#.####..#.......#.#
#.................


There were no monsters in sight!

Vanquished Creatures
  An adder (D:2)
  A worm (D:1)
  An orc (D:2)
  2 endoplasms
  2 giant cockroaches (D:2)
  2 goblins
  2 hobgoblins (D:1)
  3 jackals (D:1)
  3 ball pythons (D:1)
  2 bats (D:2)
  4 frilled lizards
  3 kobolds
  2 rats (D:1)
28 creatures vanquished.

Notes
Turn   | Place    | Note
-------+----------+-------------------------------------------
     0 | D:1      | enile the Octopode Wanderer began the quest for the Orb.
     0 | D:1      | enile set off with the following items: a +3 hand crossbow,
                  | 27 bolts, a +0 hand axe
     0 | D:1      | Reached XP level 1. HP: 16/16 MP: 1/1
   254 | D:1      | Reached XP level 2. HP: 21/21 MP: 2/2
   359 | D:1      | Found Ulaoq's Armour Boutique.
  1523 | D:2      | Reached XP level 3. HP: 26/26 MP: 3/3
  1596 | D:2      | HP: 1/26 [poisoned by an adder]
  1597 | D:2      | Succumbed to an adder's poison

Illustrated notes

Levels and vault maps discovered:
D:1:      sevenhm_arrival_forest_fort_large_2, layout_loops_corners,
          serial_shops, shop, minivault_26
D:2:      layout_loops_ring, serial_rivers, chequers_serial_rivers_micro_b,
          chequers_serial_rivers_small_b, chequers_serial_rivers_large_a,
          chequers_serial_rivers_micro_a, roderic_roman_lattice

Skill      XL: |  1  2 |
---------------+-------+-----
Dodging        | 3 |  3.0
Fighting       | |  3.6
Axes           | |  1.0
Crossbows      | |  4.0

Action                   || total
-------------------------++-------
 Fire: Hand crossbow     ||    58
  Use: Potion            ||     4
Armor: Skin              ||     2
Dodge: Dodged            ||    12

Table legend: (Time is in decaauts)
 A = Elapsed time spent in this place.
 B = Non-inter-level travel time spent in this place.
 C = Inter-level travel time spent in this place.
 D = Time resting spent in this place.
 E = Time spent auto-exploring this place.
 F = Levels seen in this place.
 G = Mean time per level.
                   A        B        C        D        E       F      G
               +--------+--------+--------+--------+--------+-----+--------+
         Total |   1615 |   1560 |     55 |    349 |   1061 |   2 |  807.5 |
       Dungeon |   1615 |   1560 |     55 |    349 |   1061 |   2 |  807.5 |
               +--------+--------+--------+--------+--------+-----+--------+

Top non-repeatable levels by time:
     D:1: 1411 daAuts
     D:2: 204 daAuts
